 Dungeon Sprint DCSS version 0.21-a0-241-g2cbab09 (webtiles) character file.

982 terra52 the Covert (level 8, -13/49 HPs)
             Began as a Vine Stalker Chaos Knight on Sept 3, 2017.
             Mangled by a deep troll (22 damage)
             ... in the Dungeon (Sprint I: "Red Sonja").
             The game lasted 00:01:02 (85 turns).

terra52 the Covert (Vine Stalker Chaos Knight)        Turns: 85, Time: 00:01:02

Health: -13/49     AC: -2    Str: 15    XL:     8   Next: 17%
Magic:  0/9        EV: 13    Int: 12    God:    Xom [..*...]
Gold:   54         SH:  0    Dex: 16    Spells: 7/7 levels left

rFire    . . .     SeeInvis .   a - +0 short sword (chaos)
rCold    . . .     Gourm    .   (no shield)
rNeg     . . .     Faith    .   b - +2 leather armour
rPois    .         Spirit   +   (no helmet)
rElec    .         Reflect  .   (no cloak)
rCorr    .         Harm     .   (no gloves)
MR       +....     NoTele   +   (no boots)
Stlth    ++++......             (no amulet)
HPRegen  0.56/turn              (no ring)
MPRegen  0.11/turn              (no ring)

@: corroded, very slightly contaminated, hasted, invisible, very quick
A: fangs 3, regeneration 1, magic shield, antimagic bite, no potion heal 3, rot
immunity
a: Renounce Religion


You were in the Dungeon.
You worshipped Xom.
You were a toy of Xom.
You were not hungry.

You visited 1 branch You collected 54 gold pieces.

Inventory:

Hand Weapons
 a - a +0 short sword of chaos (weapon)
Armour
 b - a +2 leather armour (worn)
Scrolls
 i - a scroll of blinking
Potions
 d - a potion of curing
 e - a potion of heal wounds
 g - 2 potions of magic
 h - a potion of berserk rage
Comestibles
 c - a bread ration


   Skills:
 + Level 9.5 Fighting
 + Level 9.4 Short Blades
 + Level 5.0 Armour
 + Level 3.2 Dodging
 * Level 10.3 Stealth


You had 7 spell levels left.
You didn't know any spells.

Dungeon Overview and Level Annotations

Branches:
Dungeon (1/1)

Altars:
Cheibriados
Dithmenos
Elyvilon
Fedhas
Gozag
Hepliaklqana
Kikubaaqudgha
Okawaru
Qazlal
Ru
Sif Muna
Trog
Uskayaw
Vehumet
Wu Jian
Yredelemnul
Zin
The Shining One

Shops:
D [


Innate Abilities, Weirdness & Mutations

You have razor-sharp teeth.
Your natural rate of healing is unusually fast.
When hurt, damage is shared between your health and your magic reserves.
Your bite disrupts and absorbs the magic of your enemies.
Potions cannot restore your health.
You are immune to rotting.


Message History

There is an open door here.
You see here 27 gold pieces.
You see here 27 gold pieces.
The helpless deep troll fails to defend itself.
You stick the deep troll like a pincushion!!!
Your bite misses the deep troll.
The deep troll is almost dead.
The deep troll bites you!!
* * * LOW HITPOINT WARNING * * *
The deep troll claws you.
* * * LOW HITPOINT WARNING * * *
The deep troll closely misses you.
You hit the deep troll but do no damage.
You drain the deep troll!
The deep troll is almost dead.
You hit the deep troll. You freeze the deep troll.
The deep troll is almost dead.
The deep troll bites you!!
You die...
Xom chuckles heartily!

#..#####+#####'#
#..# #(#
#..#__## ##(#
#..#_____##+#_.+
#⌠⌠#_.∩..†'..._#
####_..__##_.#+#
#____ ##'# ####
##.####+###
+$..'$@T$$+
#$)$#######
##.## #+#


You could see a deep troll.

Vanquished Creatures
  Sonja (D)
  Sigmund (D)
  A yak (D)
  An ogre (D)
  A jelly (D)
  Ijyb (D)
6 creatures vanquished.

Notes
Turn   | Place    | Note
-------+----------+-------------------------------------------
     0 | D        | terra52 the Vine Stalker Chaos Knight began the quest for the Orb.
     0 | D        | Reached XP level 1. HP: 11/11 MP: 2/2
     2 | D        | Noticed Ijyb
    28 | D        | Killed Ijyb
    28 | D        | Reached skill level 1 in Dodging
    28 | D        | Reached XP level 2. HP: 16/18 MP: 3/3
    28 | D        | Reached XP level 3. HP: 18/21 MP: 4/4
    32 | D        | Noticed an ogre
    32 | D        | XOM: potion effect (invisibility)
    40 | D        | Killed an ogre
    40 | D        | Reached skill level 5 in Fighting
    40 | D        | Reached skill level 5 in Short Blades
    40 | D        | Reached skill level 4 in Stealth
    40 | D        | Gained mutation: Your natural rate of healing is unusually fast. [Vine Stalker growth]
    40 | D        | Reached XP level 4. HP: 23/28 MP: 5/5
    44 | D        | Noticed Sigmund
    46 | D        | Killed Sigmund
    46 | D        | Reached skill level 6 in Stealth
    46 | D        | Reached XP level 5. HP: 30/33 MP: 6/6
    46 | D        | Reached XP level 6. HP: 35/38 MP: 7/7
    52 | D        | Found a deep blue altar of Sif Muna.
    53 | D        | Found an ornate altar of the Wu Jian Council.
    54 | D        | Found a radiant altar of Vehumet.
    66 | D        | Found Barras's Antique Armour Emporium.
    66 | D        | Found an ancient bone altar of Kikubaaqudgha.
    66 | D        | Found a hazy altar of Hepliaklqana.
    66 | D        | Found a stormy altar of Qazlal.
    66 | D        | Found a hide-covered altar of Uskayaw.
    66 | D        | Found a blossoming altar of Fedhas.
    66 | D        | Found a bloodstained altar of Trog.
    66 | D        | Found an iron altar of Okawaru.
    66 | D        | Found a basalt altar of Yredelemnul.
    66 | D        | Found a glowing golden altar of the Shining One.
    66 | D        | Found a snail-covered altar of Cheibriados.
    66 | D        | Found a sacrificial altar of Ru.
    66 | D        | Found a glowing silver altar of Zin.
    66 | D        | Found a shadowy altar of Dithmenos.
    66 | D        | Found a white marble altar of Elyvilon.
    66 | D        | Noticed a yak
    67 | D        | Found an opulent altar of Gozag.
    69 | D        | Killed a yak
    69 | D        | Reached skill level 7 in Stealth
    72 | D        | Noticed Sonja
    76 | D        | Killed Sonja
    76 | D        | Reached skill level 5 in Armour
    76 | D        | Reached skill level 10 in Stealth
    76 | D        | Reached XP level 7. HP: 24/44 MP: 4/8
    76 | D        | Gained mutation: You have razor-sharp teeth. [Vine Stalker growth]
    76 | D        | Reached XP level 8. HP: 27/49 MP: 4/9
    79 | D        | Noticed a deep troll
    85 | D        | Mangled by a deep troll

Vault maps used:
D:        dungeon_sprint_1

Skill      XL: |  1  2  3  4  5  6 |
---------------+-------------------+-----
Fighting       | 4 5 7 9 |  9.5
Short Blades   | 4 5 7 9 |  9.4
Armour         | 2 3 5 |  5.0
Dodging        | 1 2 3 |  3.2
Stealth        | 4 6 10 | 10.3

Action                   |  1- 3 |  4- 6 |  7- 9 || total
-------------------------+-------+-------+-------++-------
Melee: Short sword       |    34 |    10 |     3 ||    47
       Bite              |     9 |     4 |       ||    13
  Use: Potion            |       |     1 |       ||     1
 Stab: Invisible         |     1 |     1 |       ||     2
       Sleeping          |       |     3 |     1 ||     4
Armor: Leather armour    |     5 |     1 |       ||     6
Dodge: Dodged            |    14 |     3 |     1 ||    18

Table legend:
 A = Spawn XP
 B = Non-spawn XP
 C = Spawn XP percentage of total XP
 D = Spawn monster count
 E = Non-spawn monster count
 F = Spawn count percentage of total count
 G = Total turns spent on level
                    A         B        C        D         E        F      G
               +---------+---------+-------+---------+---------+-------+---------
         Total |       0 |    1404 |   0.0 |       0 |       6 |   0.0 |    85
               +---------+---------+-------+---------+---------+-------+---------
             D |       0 |    1404 |   0.0 |       0 |       6 |   0.0 |    85
               +---------+---------+-------+---------+---------+-------+---------
